 Dungeon Crawl Stone Soup version 0.30-a0-125-g51eefa89be (webtiles) character file.

Game seed: 2823079275270916034

419 zxpr0jk the Chiller (level 6, -3/45 HPs)
             Began as a Draconian Ice Elementalist on Sept 18, 2022.
             Slain by an ogre
             ... wielding a +0 giant club
              (34 damage)
             ... on level 5 of the Dungeon.
             The game lasted 00:07:58 (4183 turns).

zxpr0jk the Chiller (Draconian Ice Elementalist)    Turns: 4183, Time: 00:07:58

Health: -3/45      AC:  6    Str: 10    XL:     6   Next: 62%
Magic:  12/12      EV: 12    Int: 16    God:
Gold:   216        SH:  0    Dex: 13    Spells: 12/13 levels left

rFire   . . .      SeeInvis .    o - +4 spear (flame)
rCold   . . .      Faith    .    (no shield)
rNeg    . . .      Spirit   .    (body armour unavailable)
rPois   .          Reflect  .    (helmet restricted)
rElec   .          Harm     .    (no cloak)
rCorr   .          Rampage  .    (no gloves)
Will    .....                    (no boots)
Stlth   ++........               (no amulet)
HPRegen 0.15/turn                (no ring)
MPRegen 0.13/turn                (no ring)

@: no status effects
A: AC +6, unfitting armour, cold-blooded
a: no special abilities


You were on level 5 of the Dungeon.
You visited 1 branch of the dungeon, and saw 5 of its levels.

You collected 216 gold pieces.

Inventory:

Hand Weapons
 h - a +1 dagger of draining
 o - a +4 spear of flaming (weapon)
Jewellery
 p - a ring of resist corrosion
Wands
 l - a wand of polymorph (12)
Scrolls
 i - 4 scrolls of teleportation {unknown}
 j - 2 scrolls of magic mapping {unknown}
 k - a scroll of immolation {unknown}
 n - a scroll of noise {unknown}
 r - a scroll of blinking {unknown}
 s - a scroll of enchant weapon {unknown}
Potions
 a - 2 potions of magic
 b - a potion of ambrosia {unknown}
 c - 3 potions of flight
 d - a potion of attraction
 g - a potion of mutation {unknown}
 m - a potion of lignification {unknown}
 q - 4 potions of might {unknown}


   Skills:
 - Level 1.7 Dodging
 - Level 1.7 Stealth
 + Level 4.0 Spellcasting
 * Level 7.0 Ice Magic


You had 12 spell levels left.
You knew the following spells:

 Your Spells              Type           Power      Damage    Failure   Level
a - Freeze                Ice            100%       1d11      1%          1

Your spell library contained the following spells:

 Spells                   Type           Power      Damage    Failure   Level
 Frozen Ramparts          Ice            50%        1d8       2%          3
 Ozocubu's Armour         Ice            25%        N/A       2%          3
 Apportation              Tloc           6%         N/A       17%         1
 Beastly Appendage        Tmut           6%         N/A       17%         1
 Necrotise                Necr           12%        1d4       17%         1
 Summon Small Mammal      Summ           12%        N/A       17%         1
 Wereblood                Tmut           3%         N/A       26%         2
 Hailstorm                Conj/Ice       14%        3d5       36%         4
 Spider Form              Tmut/Pois      3%         N/A       45%         3
 Tukima's Dance           Hex            3%         N/A       45%         3
 Passage of Golubria      Tloc           3%         N/A       86%         4
 Yara's Violent Unravell  Hex/Tmut       1%         3d3       99%         5


Dungeon Overview and Level Annotations

Branches:
Dungeon (5/15)
 Temple: D:4-7

Altars:
Vehumet
Yredelemnul

Shops:
D:3 [

Annotations:
D:4 Menkaure


Innate Abilities, Weirdness & Mutations

Your plain brown scales are hard. (AC +6)
You cannot fit into any form of body armour.
You are cold-blooded and may be slowed by cold attacks.


Message History

The hobgoblin hits you but does no damage.
The hobgoblin barely misses you.
You closely miss the hobgoblin.
The hobgoblin is almost dead.
The hobgoblin completely misses you.
You completely miss the hobgoblin.
The hobgoblin is almost dead.
The hobgoblin misses you.
You hit the hobgoblin but do no damage.
Your tail-slap misses the hobgoblin.
You punch the hobgoblin, but do no damage.
The hobgoblin is almost dead.
The hobgoblin barely misses you.
You hit the hobgoblin. You burn the hobgoblin.
You kill the hobgoblin!
No target in view!
No target in view!
You see here a hobgoblin corpse.
You open the door.
There is an open door here.
HP restored.
Found a stone staircase leading down.
Found a stone staircase leading down.
Found a stone staircase leading up.
Found a stone staircase leading up.
There is a stone staircase leading down here.
An ogre comes into view. It is wielding a +0 giant club.
The ogre shouts!
There is a stone staircase leading up here.
You climb upwards.
Level annotation: Menkaure Menkaure shouts!
There is a stone staircase leading down here.
Okay, then.
You climb downwards.
The ogre hits you with a +0 giant club!
There is a stone staircase leading up, spattered with blood here.
The ogre attacks as you move away! The ogre closely misses you.
There is a stone staircase leading down here.
The ogre hits you with a +0 giant club!!
Ouch! That really hurt!
You die...

#####.......#.♣♣♣♣..#.
......<†....#........
########'######.....#+####.
#.# #..............
#.####.##.#.........
#..>...#..<...$.....
###.###.............#.
#.≈..##....O........#
#.≈..##....@#######.#
#.≈..~#............ #
#.≈~...##....##.##.
#...≈..~..........#
...#.≈..#####...#..#
####.≈### .......# #..
#..#..#.# ##. ...#..#.# ##
#####<.#


You could see an ogre.

Vanquished Creatures
  Sigmund (D:2)
  A jelly (D:4)
  Jessica (D:2)
  An iguana (D:3)
  Robin (D:2)
  6 adders
  An ufetubus (D:4)
  A worm (D:3)
  7 dart slugs
  5 orcs
  3 bats
  5 endoplasms
  2 giant cockroaches (D:1)
  14 goblins
  11 hobgoblins
  3 ball pythons
  2 frilled lizards
  8 kobolds
  6 rats
79 creatures vanquished.

Vanquished Creatures (others)
  A plant (D:3)
1 creature vanquished.

Grand Total: 80 creatures vanquished

Notes
Turn   | Place    | Note
-------+----------+-------------------------------------------
     0 | D:1      | zxpr0jk the Draconian Ice Elementalist began the quest for
                  | the Orb.
     0 | D:1      | Reached XP level 1. HP: 14/14 MP: 3/3
     5 | D:1      | You fall into a shaft and drop 1 floor!
   312 | D:1      | Reached XP level 2. HP: 9/20 MP: 3/5
   804 | D:1      | Found a faded altar of an unknown god.
  1125 | D:1      | Reached XP level 3. HP: 15/26 MP: 6/6
  1454 | D:2      | Noticed Sigmund
  1664 | D:2      | Killed Sigmund
  1665 | D:2      | Reached skill level 6 in Ice Magic
  1665 | D:2      | Reached XP level 4. HP: 18/33 MP: 2/9
  1665 | D:2      | Reached XP level 5. HP: 21/38 MP: 2/10
  1821 | D:2      | Noticed Jessica
  1833 | D:2      | Killed Jessica
  2035 | D:2      | Noticed Robin
  2049 | D:2      | Killed Robin
  2790 | D:3      | Reached XP level 6. HP: 45/45 MP: 11/11
  2807 | D:3      | Found Vagh's Antique Armour Shoppe.
  3784 | D:4      | Found a basalt altar of Yredelemnul.
  4007 | D:4      | Found a radiant altar of Vehumet.
  4027 | D:4      | Noticed Menkaure
  4070 | D:4      | Reached skill level 7 in Ice Magic
  4131 | D:5      | Entered Level 5 of the Dungeon
  4183 | D:5      | Slain by an ogre

Illustrated notes

Levels and vault maps discovered:
D:1:      minmay_arrival_four_circles, layout_rooms, basic_ecumenical_altar
D:2:      layout_loops_ring, serial_bayou_lake_a, uniq_sigmund, uniq_robin,
          uniq_jessica
D:3:      layout_basic, serial_shops, nicolae_shop_overgrown_old_shop
D:4:      minmay_skewed_foursquare, layout_basic, nicolae_vehumet_altar_sigil,
          mainiacjoe_overflow_24_doors, kennysheep_opposing_triangles,
          uniq_menkaure
D:5:      layout_basic, mainiacjoe_overflow_alcove_1, mainiacjoe_overflow_paths,
          kennysheep_vampire_church, minmay_temple_entry_gardened_gates,
          serial_co_window_serial, co_window_paths_a,
          co_window_of_opportunity_a, co_window_paths_b, co_window_paths_a,
          co_window_corner_a, co_window_paths_c, co_window_unsneaky_path_d,
          co_window_of_opportunity_c, co_window_2corner,
          co_window_of_opportunity_b, co_window_cross_3, glass_columns_a,
          glass_columns_c, glass_columns_c, glass_columns_b, glass_columns_c,
          chequers_serial_rivers_micro_e

Skill      XL: |  1  2  3  4  5  6 |
---------------+-------------------+-----
Spellcasting   | 3 4 |  4.0
Ice Magic      | 6 7 |  7.0
Dodging        | |  1.7
Stealth        | |  1.7

Action                   |  1- 3 |  4- 6 || total
-------------------------+-------+-------++-------
Melee: Unarmed           |    35 |       ||    35
       Dagger            |    50 |    29 ||    79
       Tailslap          |     7 |    12 ||    19
       Punch             |     1 |     3 ||     4
       Spear             |       |    78 ||    78
 Cast: Freeze            |    19 |     6 ||    25
  Use: Potion            |     1 |     1 ||     2
       Scroll            |       |     2 ||     2
 Stab: Sleeping          |     4 |     5 ||     9
Armor: Skin              |    27 |    26 ||    53
Dodge: Dodged            |    68 |    54 ||   122

Table legend: (Time is in decaauts)
 A = Elapsed time spent in this place.
 B = Non-inter-level travel time spent in this place.
 C = Inter-level travel time spent in this place.
 D = Time resting spent in this place.
 E = Time spent auto-exploring this place.
 F = Levels seen in this place.
 G = Mean time per level.
                   A        B        C        D        E       F      G
               +--------+--------+--------+--------+--------+-----+--------+
         Total |   4222 |   4139 |     83 |    687 |   2794 |   5 |  844.4 |
       Dungeon |   4222 |   4139 |     83 |    687 |   2794 |   5 |  844.4 |
               +--------+--------+--------+--------+--------+-----+--------+

Top non-repeatable levels by time:
     D:2: 1526 daAuts
     D:1: 1265 daAuts
     D:3: 1020 daAuts
     D:4: 359 daAuts
     D:5: 50 daAuts
